 Dungeon Crawl Stone Soup version 0.31-b1-20-g67cafac56d (webtiles) character file.

Game seed: 7612309715553278770

76709 DemonSlayer the Covert (level 15, -7/101 HPs)
             Began as a Demonspawn Earth Elementalist on Jan 17, 2024.
             Was the Champion of Dithmenos.
             Mangled by a skeletal warrior
             ... wielding a +0 mace
              (9 damage)
             ... on level 15 of the Dungeon.
             The game lasted 01:16:16 (24860 turns).

DemonSlayer the Covert (DsEE)                      Turns: 24860, Time: 01:16:16

Health: -7/101     AC: 15    Str: 10    XL:     15   Next: 13%
Magic:  4/31       EV: 19    Int: 21    God:    Dithmenos [******]
Gold:   724        SH:  0    Dex: 19    Spells: 12/39 levels left

rFire   + + .        w - +6 rapier (spect)
rCold   + . .        (no shield)
rNeg    . . .        K - +3 troll leather armour
rPois   .            O - +2 hat {SInv}
rElec   .            l - +0 cloak
rCorr   +            D - +0 pair of gloves
SInv    +            (boots unavailable)
Will    +....        L - amulet of the Present {rF+ Regen+}
Stlth   ++++++++++   n - ring of the Sun {EV+5 Int+5}
HPRegen 1.96/turn    P - +4 ring of slaying
MPRegen 0.22/turn

%: no passive effects
@: about to teleport, wreathed by umbra
A: hooves 3, yellow scales 3, demonic magic 3, see invisible, cold resistance 1,
fire resistance 1, wild magic 1, MP-powered wands
a: Renounce Religion, Shadow Step, Shadow Form


You were on level 15 of the Dungeon.
You worshipped Dithmenos.
Dithmenos was exalted by your worship.
You visited 4 branches of the dungeon, and saw 21 of its levels.
You also visited: Gauntlet.

You collected 1743 gold pieces.
You spent 1019 gold pieces at shops.

Inventory:

Hand Weapons
 w - a +6 spectral rapier (weapon)
Missiles
 u - 2 curare-tipped darts
Armour
 l - a +0 cloak (worn)
 o - a +3 leather armour of cold resistance
 D - a +0 pair of gloves (worn)
 K - a +3 troll leather armour (worn)
 O - a +2 hat of see invisible (worn)
Jewellery
 k - a ring of protection from cold
 n - the ring of the Sun (left hand) {EV+5 Int+5}
   (You found it on level 2 of the Dungeon)

   [ring of evasion]

   EV+5:      It affects your evasion (+5).
   Int+5:     It affects your intelligence (+5).
 y - a ring of protection from fire
 C - a ring of flight
 I - a ring of protection from fire
 L - the amulet of the Present (around neck) {rF+ Regen+}
   (You took it off a minotaur in a Gauntlet)

   [amulet of regeneration]

   rF+:       It protects you from fire.
   Regen+:    It increases your rate of health regeneration.
 P - a +4 ring of slaying (right hand)
 R - a +5 ring of evasion
Talismans
 i - a flux talisman
Wands
 m - a wand of paralysis (25)
 s - a wand of polymorph (5)
 x - a wand of flame (33)
 B - a wand of digging (9)
 N - a wand of roots (9)
 Q - a wand of acid (17)
 T - a wand of mindburst (9)
Scrolls
 a - 3 scrolls of torment
 c - 2 scrolls of fear
 d - a scroll of fog
 e - 5 scrolls of enchant armour
 g - 6 scrolls of vulnerability
 q - 5 scrolls of immolation
 v - 3 scrolls of noise
 A - 4 scrolls of teleportation
 F - 3 scrolls of poison
 W - a scroll of enchant weapon
Potions
 f - a potion of berserk rage
 h - 4 potions of resistance
 j - 7 potions of enlightenment
 p - 2 potions of ambrosia {unknown}
 r - 6 potions of curing
 t - 4 potions of lignification
 z - 4 potions of brilliance
 E - 2 potions of attraction
 G - 3 potions of heal wounds
 H - a potion of mutation
 M - a potion of magic
 S - a potion of invisibility
 U - 2 potions of might
Miscellaneous
 b - a phial of floods
 J - a condenser vane (inert)
 V - a sack of spiders


   Skills:
 + Level 4.7 Fighting
 + Level 7.2 Short Blades
 + Level 4.7 Armour
 + Level 5.3 Dodging
 + Level 13.4 Stealth
 + Level 12.6 Spellcasting
 + Level 9.3 Conjurations
 + Level 12.3 Earth Magic
 + Level 1.4 Evocations


You had 12 spell levels left.
You knew the following spells:

 Your Spells              Type           Power      Damage    Failure   Level
a - Sandblast             Erth           100%       2d20      1%          1
b - Stone Arrow           Conj/Erth      100%       3d13      1%          3
c - Passwall              Erth           71%        N/A       1%          3
d - Brom's Barrelling Bo  Conj/Erth      66%        2d8       1%          4
e - Petrify               Alch/Erth      50%        N/A       8%          4
f - Dispel Undead         Necr           17%        3d10      63%         4
g - Lehudib's Crystal Sp  Conj/Erth      33%        10d8      99%         8

Your spell library contained the following spells:

 Spells                   Type           Power      Damage    Failure   Level
 Kiss of Death            Conj/Necr      100%       2d13      1%          1
 Static Discharge         Conj/Air       84%        3-7/arc   2%          2
 Call Imp                 Summ           34%        N/A       14%         2
 Mercury Vapours          Alch/Air       34%        N/A       14%         2
 Sublimation of Blood     Necr           17%        N/A       14%         2
 Confusing Touch          Hex            17%        N/A       26%         3
 Gell's Gravitas          Tloc           17%        N/A       26%         3
 Teleport Other           Tloc           17%        N/A       26%         3
 Olgreb's Toxic Radiance  Alch           17%        N/A       63%         4
 Passage of Golubria      Tloc           17%        N/A       63%         4
 Summon Lightning Spire   Summ/Air       17%        N/A       63%         4
 Silence                  Hex/Air        8%         N/A       91%         5
 Dispersal                Tloc           8%         N/A       100%        6
 Summon Hydra             Summ           8%         N/A       100%        7


Dungeon Overview and Level Annotations

Branches:
Dungeon (15/15)            Temple (1/1) D:7            Lair (4/5) D:9
  Swamp (0/4) Lair:3        Snake (0/4) Lair:3          Orc (1/2) D:11
 Vaults (0/5) D:13         Depths (0/4) D:15        Gauntlet (visited)
  Slime: Lair:4-5

Altars:
Ashenzari
Cheibriados
Dithmenos
Fedhas
Gozag
Hepliaklqana
Kikubaaqudgha
Makhleb
Nemelex Xobeh
Okawaru
Qazlal
Ru
Sif Muna
Trog
Uskayaw
Vehumet
Wu Jian
Xom
Yredelemnul

Shops:
D:9 =   D:11 !   D:14 *   Orc:1 ?


Innate Abilities, Weirdness & Mutations

You have hooves in place of feet.
You are completely covered in yellow scales. (AC +4, rCorr)
Spells you cast and wands you use may paralyse nearby enemies.
You have supernaturally acute eyesight. (SInv)
Your flesh is cold resistant. (rC+)
Your flesh is heat resistant. (rF+)
Your spells are a little harder to cast, but a little more powerful.
You expend magic power (3 MP) to strengthen your wands.


Message History

The skeletal warrior barely misses you.
The helpless skeletal warrior fails to defend itself.
You stick the skeletal warrior like a pincushion!!!
The skeletal warrior is severely damaged.
Your +6 spectral rapier hits the skeletal warrior.
The skeletal warrior misses you.
The stone arrow hits the skeletal warrior!
The skeletal warrior is almost destroyed.
Malevolent energies surge around you.
Your shadow mimics your spell!
The shadow shard hits the skeletal warrior.
Your +6 spectral rapier disappears.
The skeletal warrior is no longer paralysed.
The skeletal warrior barely misses you.
The skeletal warrior hits you but does no damage.
The stone arrow misses the skeletal warrior.
Malevolent energies surge around you.
The skeletal warrior hits you with a +2 heavy flail!
The skeletal warrior hits you with a +0 mace!!
The skeletal warrior hits you but does no damage.
The skeletal warrior hits you with a +0 mace!
* * * LOW HITPOINT WARNING * * *
The skeletal warrior attacks as it pursues you!
The skeletal warrior hits you but does no damage.
As you read the scroll of fog, it dissolves into smoke.
The skeletal warrior barely misses you.
The skeletal warrior closely misses you.
The skeletal warrior attacks as it pursues you!
The skeletal warrior hits you from afar with a +0 halberd.
* * * LOW HITPOINT WARNING * * *
The skeletal warrior hits you with a +2 heavy flail.
* * * LOW HITPOINT WARNING * * *
The skeletal warrior hits you with a +0 mace.
* * * LOW HITPOINT WARNING * * *
As you read the scroll of teleportation, it crumbles to dust.
You feel strangely unstable.
The skeletal warrior hits you from afar with a +0 halberd!!
* * * LOW HITPOINT WARNING * * *
The skeletal warrior hits you with a +0 mace!
You die...

#.##.....#####...#.....
#......................
###.....######..#.....
#.....# #........
#.....# #........
#.....######........
#.....##.......#..##
###§####....##..#.##
#@##...######.#...
#zz§.#.# #.####
#z§###.### #.# # #§§§#
#...# #.# # #...#
###.####.# #.$.#
#...##.. #...# ###.####
# #...# #...##.## #####
###..#...


You could see 3 skeletal warriors.

Vanquished Creatures
  Gastronok (Lair:3)
  An ironbound preserver (D:13)
  A stone giant (D:15)
  Nessos (D:12)
  A minotaur (Gauntlet)
  A rakshasa (D:14)
  4 hydras
  The ghost of hawla the Spear-Bearer, a journeyman DrCj of Vehumet (D:10)
  An ogre mage (D:15)
  3 centaur warriors
  9 two-headed ogres
  A dancing weapon (D:11)
  2 tengu warriors
  The ghost of unlimited1921 the Blocker, a journeyman DjFE of Ashenzari (D:11)
  3 death yaks (D:9)
  4 boulder beetles
  Nergalle (Lair:1)
  Urug (Lair:3)
  6 skeletal warriors
  4 necromancers
  An orc sorcerer (D:14)
  2 wolf spiders (Lair:1)
  An orc knight (D:15)
  A deep elf pyromancer (D:15)
  8 ugly things
  2 manticores
  A cyclops (D:12)
  Maurice (D:12)
  A meliai (Gauntlet)
  2 black mambas
  18 elephants
  3 cane toads
  Maggie (D:6)
  A rime drake (Lair:3)
  3 gargoyles
  10 komodo dragons
  4 kobold demonologists
  An efreet (D:13)
  3 tengu conjurers
  3 red devils (Orc:1)
  A yaktaur (D:15)
  Psyche (D:12)
  8 trolls
  4 polar bears
  A raiju (Gauntlet)
  7 blink frogs
  14 slime creatures (D:12)
  An ettin skeleton (Orc:1)
  3 wyverns
  2 shadows
  3 wraiths
  A yak (shapeshifter) (D:15)
  56 yaks
  A vampire (D:13)
  Eustachio (D:5)
  2 basilisks (Lair:3)
  2 steam dragons (Gauntlet)
  A redback (Gauntlet)
  6 vampire mosquitoes
  4 nagas (Lair:3)
  12 water moccasins
  2 acid dragons
  4 black bears
  3 orc zombies (Orc:1)
  15 orc warriors
  2 elephant zombies (Lair:3)
  5 boggarts (D:15)
  4 ogres
  12 wolves
  7 centaurs
  A phantom (D:5)
  4 kobold brigands
  7 bullfrogs
  A gnoll sergeant (D:7)
  A komodo dragon zombie (Lair:3)
  A warg zombie (Orc:1)
  4 scorpions
  13 wights
  6 killer bees (D:7)
  2 electric eels (Lair:3)
  2 bombardier beetles (D:5)
  5 jellies
  A quasit (D:7)
  2 basilisk zombies (Lair:3)
  3 hounds
  A cyclops simulacrum (Orc:1)
  7 orc priests
  4 sleepcaps
  2 iguanas (D:6)
  18 orc wizards
  6 hell rats (Lair:3)
  An ogre skeleton (Orc:1)
  9 gnolls
  14 adders
  2 shadow imps
  4 white imps
  4 ufetubi
  The ghost of Esekla the Sneak, a weakling OpDe (D:5)
  2 dart slugs
  58 orcs
  6 ball pythons
  5 bats
  3 endoplasms
  3 giant cockroaches
  8 goblins
  9 hobgoblins
  18 kobolds
  7 quokkas
  3 frilled lizards
  6 rats
553 creatures vanquished.

Vanquished Creatures (others)
  A two-headed ogre (D:10)
  A hornet (D:10)
  A troll (D:10)
  2 yaks (D:10)
  A kobold brigand (D:10)
  A killer bee (D:10)
7 creatures vanquished.

Grand Total: 560 creatures vanquished

Notes
Turn   | Place    | Note
-------+----------+-------------------------------------------
     0 | D:1      | DemonSlayer the Demonspawn Earth Elementalist began the
                  | quest for the Orb.
     0 | D:1      | Reached XP level 1. HP: 13/13 MP: 3/3
   204 | D:1      | Gained mutation: You are partially covered in yellow
                  | scales. (AC +2) [demonic ancestry]
   204 | D:1      | Reached XP level 2. HP: 19/19 MP: 3/5
   977 | D:2      | Gained mutation: You have large cloven feet. [demonic
                  | ancestry]
   977 | D:2      | Reached XP level 3. HP: 24/24 MP: 4/6
  1144 | D:2      | Learned a level 3 spell: Stone Arrow
  1253 | D:2      | Identified the ring of the Sun {EV+5 Int+5}
  1499 | D:2      | Found a faded altar of an unknown god.
  1587 | D:2      | Gained mutation: Spells you cast may paralyse adjacent
                  | enemies. [demonic ancestry]
  1587 | D:2      | Reached XP level 4. HP: 30/30 MP: 4/7
  2061 | D:2      | Learned a level 3 spell: Passwall
  2110 | D:3      | Reached skill level 2 in Stealth
  2238 | D:3      | Found a sparkling altar of Nemelex Xobeh.
  2299 | D:3      | Gained mutation: You are mostly covered in yellow scales.
                  | (AC +3) [demonic ancestry]
  2299 | D:3      | Reached XP level 5. HP: 35/35 MP: 7/9
  3350 | D:3      | Learned a level 4 spell: Brom's Barrelling Boulder
  3403 | D:4      | Reached XP level 6. HP: 42/42 MP: 8/11
  3513 | D:4      | Found a blossoming altar of Fedhas.
  3749 | D:4      | Reached skill level 3 in Stealth
  3934 | D:4      | Found an ancient bone altar of Kikubaaqudgha.
  4138 | D:4      | Found a stormy altar of Qazlal.
  4149 | D:5      | Entered Level 5 of the Dungeon
  4149 | D:5      | Noticed Esekla's ghost (weakling OpDe)
  4149 | D:5      | Found a runed translucent door.
  4276 | D:5      | Gained mutation: You have hoof-like feet. [demonic
                  | ancestry]
  4276 | D:5      | Reached XP level 7. HP: 47/47 MP: 9/13
  4278 | D:5      | Reached skill level 5 in Earth Magic
  4477 | D:5      | Killed Esekla's ghost
  4547 | D:5      | Reached skill level 4 in Stealth
  4744 | D:5      | Found an iron altar of Okawaru.
  4842 | D:5      | Reached skill level 1 in Short Blades
  5052 | D:5      | Noticed Eustachio
  5071 | D:5      | Killed Eustachio
  5072 | D:5      | Reached skill level 5 in Spellcasting
  5126 | D:5      | Reached XP level 8. HP: 53/53 MP: 8/15
  5232 | D:6      | Reached skill level 1 in Fighting
  5458 | D:6      | Noticed Maggie
  5468 | D:6      | Killed Maggie
  5469 | D:6      | Reached skill level 5 in Stealth
  5798 | D:6      | Found a sacrificial altar of Ru.
  6544 | D:6      | Reached skill level 6 in Stealth
  6610 | D:6      | Learned a level 4 spell: Petrify
  6639 | D:7      | Reached XP level 9. HP: 57/61 MP: 8/17
  7090 | D:7      | Reached skill level 1 in Armour
  7661 | D:7      | Found a shimmering blue altar of Sif Muna.
  7662 | D:7      | Found an opulent altar of Gozag.
  7756 | D:7      | Found a staircase to the Ecumenical Temple.
  7762 | Temple   | Entered the Ecumenical Temple
  8045 | D:8      | Noticed a troll
  8049 | D:8      | Killed a troll
  8181 | D:8      | Found a shadowy altar of Dithmenos.
  8222 | D:8      | Became a worshipper of Dithmenos the Shadowed
  8244 | D:8      | Reached skill level 7 in Stealth
  8288 | D:8      | Noticed a two-headed ogre
  8292 | D:8      | Killed a two-headed ogre
  8436 | D:8      | Found a hazy altar of Hepliaklqana.
  8490 | D:8      | Noticed a two-headed ogre
  8495 | D:8      | Killed a two-headed ogre
  8496 | D:8      | Reached XP level 10. HP: 69/69 MP: 6/20
  8663 | D:8      | Found a burning altar of Makhleb.
  9158 | D:9      | Noticed a death yak
  9199 | D:9      | Killed a death yak
  9200 | D:9      | Reached skill level 8 in Stealth
  9201 | D:9      | Reached skill level 5 in Conjurations
  9272 | D:9      | Noticed a death yak
  9274 | D:9      | Noticed a death yak
  9486 | D:9      | Found a staircase to the Lair.
  9626 | D:9      | Found Hokhuajuc's Jewellery Shoppe.
  9634 | D:9      | Bought an amulet of regeneration for 390 gold pieces
  9841 | D:9      | Killed a death yak
 10225 | D:9      | Killed a death yak
 10447 | Lair:1   | Entered Level 1 of the Lair of Beasts
 10447 | Lair:1   | Noticed Nergalle
 10456 | Lair:1   | Killed Nergalle
 10456 | Lair:1   | Reached * piety under Dithmenos
 10457 | Lair:1   | Gained mutation: You are completely covered in yellow
                  | scales. (AC +4, rCorr) [demonic ancestry]
 10457 | Lair:1   | Reached XP level 11. HP: 75/75 MP: 5/23
 10716 | Lair:1   | Gained mutation: You have hidden genetic potential. [potion
                  | of mutation]
 10716 | Lair:1   | Gained mutation: You expend magic power (3 MP) to
                  | strengthen your wands. [potion of mutation]
 10716 | Lair:1   | Gained mutation: You have supernaturally acute eyesight.
                  | (SInv) [potion of mutation]
 10917 | Lair:1   | Noticed a wolf spider
 10925 | Lair:1   | Noticed a wolf spider
 10950 | Lair:1   | Killed a wolf spider
 10963 | Lair:1   | Killed a wolf spider
 11254 | Lair:1   | Reached skill level 9 in Stealth
 11480 | Lair:1   | Reached ** piety under Dithmenos
 11845 | D:10     | Entered Level 10 of the Dungeon
 11867 | D:10     | Gained mutation: You have hooves in place of feet. [demonic
                  | ancestry]
 11867 | D:10     | Reached XP level 12. HP: 83/83 MP: 8/25
 12042 | D:10     | Found a runed translucent gate.
 12043 | D:10     | Found a runed translucent gate.
 12044 | D:10     | Noticed a two-headed ogre
 12049 | D:10     | Found a runed translucent gate.
 12053 | D:10     | Killed a two-headed ogre
 12089 | D:10     | Noticed hawla's ghost (journeyman DrCj)
 12258 | D:10     | Gained mutation: Your spells are a little harder to cast,
                  | but a little more powerful. [hidden potential]
 12516 | D:10     | Found a shimmering altar of Xom.
 12528 | D:10     | Killed a two-headed ogre
 12788 | D:11     | Found a runed translucent door.
 12819 | D:11     | Found Jeorodadgh's Distillery.
 12928 | D:11     | Bought a potion of heal wounds for 65 gold pieces
 12928 | D:11     | Bought a potion of mutation for 104 gold pieces
 12928 | D:11     | Bought a potion of curing for 39 gold pieces
 12928 | D:11     | Bought a potion of heal wounds for 65 gold pieces
 12948 | D:11     | Found a staircase to the Orcish Mines.
 13060 | D:11     | Reached skill level 5 in Short Blades
 13157 | D:11     | Reached skill level 10 in Stealth
 13157 | D:11     | Reached skill level 10 in Spellcasting
 13359 | D:11     | Noticed a boulder beetle
 13368 | D:11     | Reached *** piety under Dithmenos
 13370 | D:11     | Killed a boulder beetle
 13504 | D:11     | Found a shimmering altar of Xom.
 13504 | D:11     | Noticed unlimited1921's ghost (journeyman DjFE)
 13533 | D:11     | Reached skill level 10 in Earth Magic
 13731 | D:11     | Noticed a boulder beetle
 13749 | D:11     | Killed a boulder beetle
 13859 | D:11     | Identified the +1 spear "Ogre's Peril" {protect, rN+ Str-3
                  | Int+2}
 14142 | Orc:1    | Entered Level 1 of the Orcish Mines
 14628 | Orc:1    | Reached **** piety under Dithmenos
 15027 | Orc:1    | Found Nevo's Magic Scroll Boutique.
 15151 | Orc:1    | Bought a scroll of teleportation for 51 gold pieces
 15151 | Orc:1    | Bought a scroll of teleportation for 51 gold pieces
 15151 | Orc:1    | Bought a scroll of enchant armour for 127 gold pieces
 15151 | Orc:1    | Bought a scroll of blinking for 127 gold pieces
 15648 | Lair:1   | Gained mutation: Spells you cast may paralyse nearby
                  | enemies. [demonic ancestry]
 15648 | Lair:1   | Reached XP level 13. HP: 88/88 MP: 20/27
 15740 | Lair:2   | Gained mutation: You have great hidden genetic potential.
                  | [hidden potential]
 15740 | Lair:2   | Lost mutation: You have great hidden genetic potential.
                  | [hidden potential expressed]
 15990 | Lair:2   | Reached ***** piety under Dithmenos
 16073 | Lair:2   | Reached skill level 1 in Evocations
 16465 | Lair:2   | You fall into a shaft and drop 1 floor!
 16467 | Lair:3   | Noticed Urug
 16650 | Lair:2   | Got Sif Muna's Volume of Floating Chemistry
 16993 | Lair:2   | Reached skill level 11 in Stealth
 17082 | Lair:2   | Upgraded the game from 0.31-b1-18-g61460d1e46 to
                  | 0.31-b1-20-g67cafac56d
 17277 | Lair:3   | Noticed Gastronok
 17289 | Lair:3   | Killed Gastronok
 17428 | Lair:3   | Found a staircase to the Swamp.
 17668 | Lair:3   | Found a staircase to the Snake Pit.
 18185 | Lair:3   | Paralysed by Urug for 3 turns
 18193 | Lair:3   | Killed Urug
 18548 | Lair:3   | Learned a level 4 spell: Dispel Undead
 18620 | Lair:4   | Found a gate leading to a gauntlet.
 18629 | Gauntlet | Entered a Gauntlet
 18629 | Gauntlet | Found a transporter.
 18638 | Gauntlet | Found a transporter.
 18641 | Gauntlet | Found a transporter.
 18642 | Gauntlet | Found a transporter.
 18651 | Gauntlet | Found a transporter.
 18653 | Gauntlet | Found a transporter.
 18654 | Gauntlet | Found a transporter.
 18666 | Gauntlet | Found a transporter.
 18667 | Gauntlet | Found a transporter.
 18671 | Gauntlet | Found a transporter.
 18675 | Gauntlet | Found a transporter.
 18678 | Gauntlet | Found a transporter.
 18679 | Gauntlet | Found a transporter.
 18688 | Gauntlet | Found a transporter.
 18783 | Gauntlet | Identified the staff of Xuthruag {^Contam rElec rN+ Int+3
                  | Necro}
 18832 | Gauntlet | Reached skill level 12 in Stealth
 18839 | Gauntlet | Identified the amulet of the Sky {Faith Harm rPois}
 19072 | Gauntlet | Identified the amulet "Cupeast" {Spirit rC+ Will+ Str+4}
 19234 | Gauntlet | Identified the amulet of the Present {rF+ Regen+}
 19234 | Gauntlet | Noticed a minotaur
 19241 | Gauntlet | Killed a minotaur
 19242 | Gauntlet | Gained mutation: Spells you cast and wands you use may
                  | paralyse nearby enemies. [demonic ancestry]
 19242 | Gauntlet | Reached XP level 14. HP: 96/96 MP: 14/29
 20195 | D:10     | Killed hawla's ghost
 20208 | D:10     | Gained mutation: Your flesh is cold resistant. (rC+)
                  | [hidden potential]
 20507 | D:11     | Killed unlimited1921's ghost
 20989 | D:12     | Noticed Maurice
 20997 | D:12     | Killed Maurice
 21061 | D:12     | Noticed Nessos
 21065 | D:12     | Killed Nessos
 21228 | D:12     | Reached ****** piety under Dithmenos
 21285 | D:12     | Noticed Psyche
 21291 | D:12     | Killed Psyche
 22169 | D:13     | Found a gate to the Vaults.
 22169 | D:13     | Noticed an ironbound preserver
 22176 | D:13     | Reached skill level 5 in Dodging
 22180 | D:13     | Killed an ironbound preserver
 23070 | D:14     | Reached skill level 13 in Stealth
 23160 | D:14     | Found Xulif's Elemental Accessories.
 23636 | D:14     | Learned a level 8 spell: Lehudib's Crystal Spear
 23673 | D:15     | Entered Level 15 of the Dungeon
 23868 | D:15     | Found a broken altar of Ashenzari.
 24110 | D:15     | Reached XP level 15. HP: 89/101 MP: 18/31
 24226 | D:15     | Gained mutation: Your flesh is heat resistant. (rF+)
                  | [hidden potential]
 24226 | D:15     | Lost mutation: You have hidden genetic potential. [hidden
                  | potential expressed]
 24550 | D:15     | Found a staircase to the Depths.
 24860 | D:15     | HP: 2/101 [skeletal warrior/+0 halberd (20)]
 24860 | D:15     | Mangled by a skeletal warrior

Illustrated notes

Levels and vault maps discovered:
D:1:      dpeg_arrival_morbid_curiosity, layout_basic, serial_forest,
          infiniplex_forest_corner_1, infiniplex_forest_corner_1,
          infiniplex_forest_straight_2, infiniplex_forest_3_way,
          infiniplex_forest_end_1, infiniplex_forest_lined_room_2,
          infiniplex_forest_end_1, infiniplex_forest_lined_room_3,
          infiniplex_forest_corner_2, minmay_misc_feat_iff
D:2:      layout_basic, shapermc_ecumenical_altar_notcrosses
D:3:      layout_basic, nemelex_altar_shiori, kennysheep_generic_room_3
D:4:      layout_rooms, lemuel_coloured_pillars_altar, zin_treasury,
          kennysheep_mini_moat, fedhas_altar_1
D:5:      layout_rooms, hellmonk_okawaru_the_only_friend_you_need,
          gammafunk_ghost_grave, uniq_eustachio
D:6:      layout_loops_ring, amcnicky_altar_gilded, kennysheep_little_box,
          grunt_ministairs_2, roderic_lattice_a, uniq_maggie
D:7:      layout_cave_pools, gammafunk_temple_overflow_statue,
          minmay_temple_entry_fiery, serial_demonic, serial_demonic_g,
          serial_demonic_b, serial_demonic_e, serial_demonic_g
D:8:      layout_loops_ring, nicolae_hepliaklqana_hazy_memory,
          grunt_dithmenos_smoke_and_mirrors, makhleb_blood_cavern_becter
D:9:      layout_irregular_city, dpeg_lair_monsters, serial_shops, shop
D:10:     layout_rooms, xom_confusion_cloud, gammafunk_ghost_split
D:11:     nicolae_hitomezashi [nicolae_hito_row, nicolae_hito_row,
          nicolae_hito_row, nicolae_hito_row, nicolae_hito_row,
          nicolae_hito_row, nicolae_hito_row, nicolae_hito_row,
          nicolae_hito_row, nicolae_hito_row, nicolae_hito_row,
          nicolae_hito_row, nicolae_hito_row, nicolae_hito_row,
          nicolae_hito_row, nicolae_hito_row, nicolae_hito_row,
          nicolae_hito_row], layout_basic, ebering_ghost_xom, serial_shops,
          nicolae_shop_peninsula, lemuel_old_faithful
D:12:     layout_grid_maze, fungi_pond_lemuel, uniq_nessos, uniq_psyche,
          uniq_maurice
D:13:     layout_loops_ring, skrybe_vaults_entry_preservation
D:14:     layout_rooms, hangedman_decor_clover_reticule, nicolae_elemental_shop,
          minmay_starry_boxes
D:15:     grunt_enter_depths_giant_problem, layout_rooms, ashenzari_altar_1,
          special_room [special_room_mythical_zoo]
Temple:   hellmonk_temple_beads
Lair:1:   layout_loops_ring, nicolae_lair_run_with_the_wolves, uniq_nergalle
Lair:2:   layout_cave_pods, nicolae_lair_grazing_beasts
          [nicolae_sub_lair_graze_edge, nicolae_sub_lair_graze_edge,
          nicolae_sub_lair_graze_edge, nicolae_sub_lair_graze_edge],
          lemuel_fruit_tree
Lair:3:   pond_and_an_island_with_a_cottage, layout_regular_city, swamp_mist,
          minmay_snake_entry_guardpost_small, lemuel_fruit_fields, uniq_urug,
          uniq_gastronok
Lair:4:   layout_cave_pods, gauntlet_entry_generic, st_stairs_6, uniq_rupert
Orc:1:    dreamdust_under_siege, layout_diamond_mine, serial_shops,
          nicolae_shop_peninsula, nicolae_orc_beogh_chapel,
          einodemon_armed_red_devil_minivault

Skill      XL: |  1  2  3  4  5  6  7  8  9 10 11 12 13 14 15 |
---------------+----------------------------------------------+-----
Earth Magic    | 3 4 5 6 7 8 9 10 11 12 | 12.3
Dodging        | 2 3 4 5 |  5.3
Stealth        | 2 3 4 6 7 8 9 10 12 13 | 13.4
Spellcasting   | 3 4 5 6 8 9 10 11 12 | 12.6
Short Blades   | 1 2 3 4 5 6 7 |  7.2
Conjurations   | 2 3 4 5 6 7 8 9 |  9.3
Fighting       | 2 3 4 |  4.7
Armour         | 2 3 4 |  4.7
Evocations     | 1 |  1.4

Action                     |  1- 3 |  4- 6 |  7- 9 | 10-12 | 13-15 || total
---------------------------+-------+-------+-------+-------+-------++-------
  Melee: Unarmed           |     7 |       |       |       |       ||     7
         Dagger            |     7 |    33 |     8 |       |       ||    48
         Kick              |     1 |     8 |    21 |    16 |    29 ||    75
         Punch             |       |     1 |       |     2 |       ||     3
         Rapier            |       |       |    67 |   150 |   161 ||   378
  Throw: Dart              |       |       |       |       |     3 ||     3
         Throwing net      |       |       |       |       |     1 ||     1
   Cast: Sandblast         |    52 |    69 |    17 |   182 |    74 ||   394
         Stone Arrow       |       |     2 |    71 |   146 |   222 ||   441
  Evoke: Wand              |       |     2 |     1 |     1 |    10 ||    14
         Condenser vane    |       |       |       |       |     2 ||     2
         Phial of floods   |       |       |       |       |     1 ||     1
    Use: Scroll            |     1 |     4 |     5 |    21 |     9 ||    40
         Potion            |       |     1 |     1 |     5 |     1 ||     8
   Stab: Sleeping          |     1 |     7 |     8 |     8 |    31 ||    55
         Paralysed         |       |    14 |    35 |    65 |    70 ||   184
         Distracted        |       |     1 |       |     1 |       ||     2
         Confused          |       |       |       |       |     1 ||     1
 Armour: Robe              |    19 |    28 |    15 |       |       ||    62
         Leather armour    |       |       |    51 |   191 |       ||   242
         Troll leather arm |       |       |       |    11 |   237 ||   248
  Dodge: Dodged            |    41 |    72 |    97 |   310 |   298 ||   818
